 Dungeon Crawl Stone Soup version 0.26-a0-110-g95b6527cb0 (webtiles) character file.

Game seed: 16334162923117287499

44 MrRokkomies the Firebug (level 3, 0/19 HPs)
             Began as a Deep Elf Fire Elementalist on June 23, 2020.
             Succumbed to an adder's poison
             ... on level 2 of the Dungeon.
             The game lasted 00:03:06 (1560 turns).

MrRokkomies the Firebug (DEFE)                      Turns: 1560, Time: 00:03:06

Health: 0/19       AC:  3    Str:  6    XL:     3   Next: 39%
Magic:  6/9        EV: 13    Int: 19    God:
Gold:   31         SH:  0    Dex: 15    Spells: 7/8 levels left

rFire    + . .     SeeInvis .   h - +2 dagger (speed)
rCold    . . .     Faith    .   (no shield)
rNeg     . . .     Spirit   .   a - +0 robe
rPois    .         Reflect  .   (no helmet)
rElec    .         Harm     .   j - +0 cloak
rCorr    .                      (no gloves)
MR       .....                  (no boots)
Stlth    ++........             (no amulet)
HPRegen  0.06/turn              f - ring of protection from fire
MPRegen  0.11/turn              (no ring)

@: lethally poisoned (0 -> -9), very slightly contaminated, invisible
A: no striking features
a: no special abilities


You were on level 2 of the Dungeon.
You were not hungry.

You visited 1 branch of the dungeon, and saw 2 of its levels.

You collected 31 gold pieces.

Inventory:

Hand Weapons
 h - a +2 dagger of speed (weapon)
Armour
 a - a +0 robe (worn)
 j - a +0 cloak (worn)
Jewellery
 f - a ring of protection from fire (left hand)
Scrolls
 b - 2 scrolls of teleportation
 e - a scroll of identify
 i - a scroll of magic mapping {unknown}
Comestibles
 c - a ration
 g - a chunk of flesh


   Skills:
 + Level 3.0 Dodging
 - Level 2.4 Stealth
 - Level 3.0 Spellcasting
 * Level 2.5 Conjurations
 * Level 4.0 Fire Magic


You had 7 spell levels left.
You knew the following spells:

 Your Spells              Type           Power        Failure   Level  Hunger
a - Foxfire               Conj/Fire      ###.         4%          1    None

Your spell library contained the following spells:

 Spells                   Type           Power        Failure   Level  Hunger
 Conjure Flame            Conj/Fire      ###.....     12%         3    ###....
 Inner Flame              Hex/Fire       ##......     21%         3    ###....
 Sticky Flame             Conj/Fire      ###.....     36%         4    ####...
 Fireball                 Conj/Fire      ###.......   73%         5    ######.


Dungeon Overview and Level Annotations

Branches:
Dungeon (2/15)

Altars:


Message History

* * * LOW HITPOINT WARNING * * *
You are more poisoned.
The adder poisons you!
Your foxfire dissipates!
* * * LOW HITPOINT WARNING * * *
You feel sick.
You fade into invisibility!
* * * LOW HITPOINT WARNING * * *
You feel sick. The adder closely misses you.
Unknown command.
Casting: Foxfire (safe; 4% risk of failure)
Confirm with . or Enter, or press ? or * to list all spells.
You conjure some foxfire!
* * * LOW HITPOINT WARNING * * *
You feel sick. The adder misses you. x2
Unknown command.
Your foxfire dissipates!
* * * LOW HITPOINT WARNING * * *
You feel sick.
You die...

...###.#####.....# #..#( .
#.# #.....# . #..<.
.###.#####.##.## ..#..#.
.............# ......h
##..####.#..# .
.....########.)........#
..........)).....†.......#
.....#.###.#####?#########
.......).S.@.....#
?#...#.###.#####... ...
... #)# #### . .>^.. ...
....... .....
...#.#........
...............
...............#
.#.........#


You could see an adder.

Vanquished Creatures
  A worm (D:2)
  A dart slug (D:1)
  2 leopard geckos
  2 giant cockroaches
  6 goblins
  8 hobgoblins
  A jackal (D:2)
  2 bats
  3 frilled lizards (D:1)
  6 kobolds
  4 rats
36 creatures vanquished.

Vanquished Creatures (others)
  81 foxfires
81 creatures vanquished.

Grand Total: 117 creatures vanquished

Notes
Turn   | Place    | Note
-------+----------+-------------------------------------------
     0 | D:1      | MrRokkomies the Deep Elf Fire Elementalist began the quest
                  | for the Orb.
     0 | D:1      | Reached XP level 1. HP: 10/10 MP: 6/6
   325 | D:1      | Reached XP level 2. HP: 15/15 MP: 4/8
  1305 | D:2      | Reached XP level 3. HP: 19/19 MP: 2/9
  1536 | D:2      | Reached skill level 4 in Fire Magic
  1560 | D:2      | Succumbed to an adder's poison

Illustrated notes

Levels and vault maps discovered:
D:1:      lemuel_arrival_tunnels, layout_loops_corners, grunt_decor_arrowhead
D:2:      layout_basic

Skill      XL: |  1  2  3 |
---------------+----------+-----
Conjurations   | 2 |  2.5
Fire Magic     | 4 |  4.0
Dodging        | 3 |  3.0
Stealth        | |  2.4
Spellcasting   | |  3.0

Action                   || total
-------------------------++-------
Melee: Unarmed           ||     1
       Dagger            ||    13
 Cast: Foxfire           ||    59
  Use: Scroll            ||     2
       Potion            ||     1
 Stab: Sleeping          ||     2
  Eat: Chunk             ||     2
Armor: Robe              ||     5
Dodge: Dodged            ||    12

Table legend:
 A = Non-vault XP
 B = Vault XP
 C = Vault XP percentage of total XP
 D = Non-vault monster count
 E = Vault monster count
 F = Vault count percentage of total count
                 A         B        C        D         E       F
            +---------+---------+-------+---------+---------+-------
      Total |      63 |       0 |   0.0 |      36 |       0 |   0.0
            +---------+---------+-------+---------+---------+-------
        D:1 |      35 |       0 |   0.0 |      21 |       0 |   0.0
        D:2 |      28 |       0 |   0.0 |      15 |       0 |   0.0
            +---------+---------+-------+---------+---------+-------
